 Dungeon Crawl Stone Soup version 0.21-a0-434-g806c6c2 (webtiles) character file.

74953 tof the Fencer (level 15, -12/136 HPs)
             Began as a Minotaur Monk on Nov 8, 2017.
             Was the Champion of Wu Jian.
             Killed by divine providence
             ... invoked by an orc priest
              (14 damage)
             ... on level 2 of the Orcish Mines.
             The game lasted 01:27:36 (29281 turns).

tof the Fencer (Minotaur Monk)                     Turns: 29281, Time: 01:27:36

Health: -12/136    AC: 21    Str: 21    XL:     15   Next: 8%
Magic:  14/14      EV: 25    Int: 11    God:    Wu Jian [******]
Gold:   1973       SH: 12    Dex: 20    Spells: 6/14 levels left

rFire    + + +     SeeInvis .   a - +5 scimitar "Ogreslayer" {freeze, *Rage *Drain rElec rF+++}
rCold    . . .     Gourm    .   S - +0 shield
rNeg     + . .     Faith    .   t - +2 ring mail {rN+}
rPois    +         Spirit   .   (helmet unavailable)
rElec    +         Reflect  .   H - +2 cloak {rPois}
rCorr    .         Harm     .   I - +2 pair of gloves {Dex+3}
MR       ++...     Rnd*Rage +   X - +2 pair of boots {Fly}
Stlth    +++.......             q - amulet of rage
HPRegen  0.32/turn              W - ring of the Firefly {*Contam MR+ Int+4 Dex+3 Stlth+}
MPRegen  0.14/turn              U - +3 ring of evasion

@: exhausted, berserk cooldown, flying, slowed, very slow
A: retaliatory headbutt, horns 3, repulsion field 1, blurry vision 1, clumsy 1,
shaggy fur 1, strong 1, subdued magic 2
a: Serpent's Lash, Heavenly Storm, Renounce Religion, Evoke Berserk Rage, Stop
Flying


You were on level 2 of the Orcish Mines.
You worshipped Wu Jian.
Wu Jian was exalted by your worship.
You were not hungry.

You visited 3 branches of the dungeon, and saw 22 of its levels.
You also visited: Labyrinth, Bailey and Ice Cave.

You collected 2881 gold pieces.
You spent 908 gold pieces at shops.

Inventory:

Hand Weapons
 a - the +5 scimitar "Ogreslayer" (weapon) {freeze, *Rage *Drain rElec rF+++}
   (You bought it in a shop on level 7 of the Dungeon)

   It has been specially enchanted to freeze those struck by it, causing extra
   injury to most foes and up to half again as much damage against particularly
   susceptible opponents.
   It can also slow down cold-blooded creatures.
   It renders you almost immune to fire.
   It insulates you from electricity.
   It may make you go berserk in combat.
   It causes draining when unequipped.
 b - a +4 falchion of electrocution
 y - a +2 long sword
 F - a +4 scimitar of flaming
Missiles
 N - 5 poisoned tomahawks (quivered)
Armour
 t - a +2 ring mail of positive energy (worn)
 H - a +2 cloak of poison resistance (worn)
 I - a +2 pair of gloves of dexterity (worn)
 P - a +2 ring mail of poison resistance
 R - a +1 scale mail of magic resistance
 S - a +0 shield (worn)
 X - a +2 pair of boots of flying (worn)
Jewellery
 q - an amulet of rage (around neck)
 C - a +2 ring of protection
 Q - an uncursed ring of protection from fire
 U - a +3 ring of evasion (right hand)
 V - an uncursed ring of protection from cold
 W - the ring of the Firefly (left hand) {*Contam MR+ Int+4 Dex+3 Stlth+}
   (You found it on level 6 of the Lair of Beasts)

   [ring of protection from magic]

   It affects your intelligence (+4).
   It affects your dexterity (+3).
   It affects your resistance to hostile enchantments.
   It causes magical contamination when unequipped.
   It makes you more stealthy.
Wands
 T - a wand of digging (10/24)
Scrolls
 e - 6 scrolls of recharging
 f - 11 scrolls of teleportation
 j - 12 scrolls of remove curse
 m - a scroll of silence
 r - 4 scrolls of fog
 s - 2 scrolls of magic mapping
 D - a scroll of holy word
 K - a scroll of enchant armour
 M - 6 scrolls of fear
 Y - 2 scrolls of blinking
Potions
 g - 4 potions of cancellation
 i - 6 potions of agility
 l - 4 potions of brilliance
 n - 2 potions of haste
 o - 2 potions of might
 u - 2 potions of magic {unknown}
 v - 9 potions of curing
 w - a potion of resistance
 z - 6 potions of heal wounds {unknown}
 A - 6 potions of degeneration {unknown}
 B - a potion of invisibility
 E - a potion of berserk rage {unknown}
 L - a potion of ambrosia {unknown}
Miscellaneous
 J - a lamp of fire
 Z - a fan of gales
Comestibles
 c - 5 bread rations
 d - 11 meat rations
 k - 11 royal jellies
 x - 57 fruits
 G - 4 chunks of flesh


   Skills:
 + Level 13.2 Fighting
 + Level 16.8 Long Blades
 + Level 12.5 Armour
 + Level 12.1 Dodging
 - Level 1.5 Stealth
 + Level 9.7 Shields
 + Level 2.4 Charms
 + Level 7.9 Translocations


You had 6 spell levels left.
You knew the following spells:

 Your Spells              Type           Power        Failure   Level  Hunger
a - Blink                 Tloc           N/A          3%          2    ###....
b - Apportation           Tloc           ##....       2%          1    ##.....
c - Gell's Gravitas       Tloc           ##........   8%          3    ####...
d - Swiftness             Chrm/Air       #.......     58%         2    ###....


Dungeon Overview and Level Annotations

Branches:
Dungeon (14/15)            Temple (0/1) D:6            Lair (6/6) D:8
  Swamp (0/4) Lair:2       Spider (0/4) Lair:3        Slime (0/5) Lair:6
    Orc (2/2) D:12            Elf (0/3) Orc:2        Vaults (0/5) D:14

Altars:
Cheibriados
Dithmenos
Elyvilon
Fedhas
Gozag
Kikubaaqudgha
Vehumet
Wu Jian
Xom
Zin
Beogh
Jiyva

Shops:
D:5 (   D:7 (}(*   D:13 =   Orc:2 *([:

Portals:
Trove: D:10 (show abyssal rune of Zot)

Annotations:
Lair:6 1 runed door


Innate Abilities, Weirdness & Mutations

You reflexively headbutt those who attack you in melee.
You have a pair of large horns on your head.
You are surrounded by a mild repulsion field. (EV +2)
Scrolls take you a little longer to read.
You are clumsy. (Dex -2)
You are covered in fur. (AC +1)
Your muscles are strong. (Str +2)
Your spells are easier to cast, but less powerful.


Message History

The orc knight roars a battlecry!
The orcs go into a battle-frenzy!
The orc sorcerer no longer looks unusually strong.
You block the sixfirhy's attack.
The orc knight roars a battlecry!
The orc sorcerer goes into a battle-frenzy!
The sixfirhy hits you.
* * * LOW HITPOINT WARNING * * *
The sixfirhy shocks you. You resist.
* * * LOW HITPOINT WARNING * * *
The sixfirhy hits you but does no damage.
The sixfirhy hits you!
* * * LOW HITPOINT WARNING * * *
The sixfirhy shocks you. You resist.
* * * LOW HITPOINT WARNING * * *
The soul eater draws from the surrounding life force!
* * * LOW HITPOINT WARNING * * *
The orc priest invokes the aid of Beogh against you.
Beogh smites you!
You die...

#.....#....#.........8.8.
###..........##....)....o..
##.......#........o...##'''#
#.......###......o..###..)).
#<..###.....###.....o..o## #8.).8
....#........##.....#..# ##oo)#
#....#...###.....3oo...# #o.o#
##....#.###∩#.....3.3...# +o..+
#....#....#'##..@.......# #o)o#
#.......................# #.8)#
##.#....................# #.o.#
#.......................# 'o.o'
##.#.......#)...........# #o..#
###......).)...........## #.o.#
####.......))######.....# 8...8
##.#........)()...8#...#.##∩o....
#.............#....#......### #


You could see 2 orc knights, a soul eater, a sixfirhy, a smoke demon, an orc
sorcerer, an orc warrior, an orc priest and an orc.

Vanquished Creatures
  Rupert (Lair:3)
  Gastronok (Lair:3)
  An orc warlord (Orc:2)
  4 dire elephants (Lair:6)
  Azrael (D:13)
  A minotaur (Lab)
  8 vault guards (D:14)
  Erolcha (Orc:1)
  4 hydras
  A centaur warrior (D:13)
  An anaconda (Lair:6)
  4 two-headed ogres
  Erica (D:8)
  An orc high priest (Orc:1)
  Sonja (Orc:2)
  A fire crab (Lair:6)
  The ghost of HAL9000 the Fighter, a novice OgHu (D:6)
  2 unseen horrors
  3 orc knights
  A necromancer (IceCv)
  A deep elf mage (D:13)
  A manticore (D:13)
  7 ugly things
  An orc sorcerer (Orc:1)
  An orb spider (Lair:3)
  A centaur zombie (D:12)
  Maurice (D:13)
  5 black mambas
  A cyclops (Orc:1)
  7 elephants (Lair:6)
  A gargoyle (D:11)
  A centaur skeleton (D:12)
  Joseph (D:9)
  14 spiny frogs
  8 ice statues
  2 rime drakes
  5 komodo dragons
  A freezing wraith (D:14)
  3 yaktaurs (D:13)
  2 guardian mummies (D:10)
  9 ice devils (IceCv)
  4 trolls
  7 polar bears (Lair:4)
  11 blink frogs
  A hippogriff (shapeshifter) (D:13)
  10 hippogriffs
  A wyvern (Lair:6)
  29 yaks
  2 basilisks (Lair:6)
  A hungry ghost (D:7)
  A steam dragon (D:7)
  A fire elemental (D:13)
  3 wargs (D:12)
  5 swamp worms (Lair:2)
  7 hell hounds (D:13)
  A hornet zombie (D:9)
  13 water moccasins
  4 porcupines (Lair:3)
  2 black bears
  15 ice beasts
  22 orc warriors
  4 sky beasts
  4 phantoms
  5 ogres
  2 centaurs
  5 crocodiles
  4 big kobolds
  13 bullfrogs
  A gnoll sergeant (D:10)
  A wyvern zombie (D:8)
  2 wyvern skeletons
  9 scorpions
  6 killer bees (D:9)
  A wight (D:9)
  A howler monkey (D:12)
  2 electric eels
  A crimson imp (D:6)
  A draconian simulacrum (IceCv)
  4 hounds
  22 orc wizards
  A jelly (D:9)
  A bullfrog skeleton (D:5)
  5 orc priests
  3 iguanas
  4 troll simulacra (IceCv)
  13 worker ants
  A spriggan simulacrum (IceCv)
  A centaur simulacrum (IceCv)
  A hound zombie (D:11)
  A hound skeleton (D:9)
  A worker ant zombie (D:5)
  3 ogre simulacra (IceCv)
  8 adders
  13 gnolls
  3 shadow imps
  2 adder skeletons
  5 worms
  A dart slug (D:3)
  6 leopard geckos
  71 orcs
  10 giant cockroaches
  7 hobgoblins
  30 jackals
  26 kobolds
  5 quokkas
  2 ball pythons (D:3)
  6 bats
  6 frilled lizards
  A giant cockroach zombie (D:5)
  10 goblins
  A quokka skeleton (D:8)
  9 rats
  A butterfly (Lair:3)
  A fungus (Lair:2)
  4 plants (Lair:6)
603 creatures vanquished.

Vanquished Creatures (others)
  5 dream sheep (D:3)
  4 fungi
  4 plants
13 creatures vanquished.

Grand Total: 616 creatures vanquished

Notes
Turn   | Place    | Note
-------+----------+-------------------------------------------
     0 | D:1      | tof the Minotaur Monk began the quest for the Orb.
     0 | D:1      | Reached XP level 1. HP: 19/19 MP: 0/0
   122 | D:1      | Reached XP level 2. HP: 27/27 MP: 1/1
   175 | D:1      | Reached skill level 4 in Long Blades
   220 | D:1      | Reached skill level 1 in Armour
   492 | D:1      | Reached XP level 3. HP: 33/33 MP: 2/2
  1953 | D:2      | Reached XP level 4. HP: 5/40 MP: 3/3
  3075 | D:3      | Reached skill level 5 in Long Blades
  3075 | D:3      | Reached XP level 5. HP: 32/47 MP: 4/4
  3830 | D:3      | Found an ornate altar of the Wu Jian Council.
  3854 | D:3      | Became a worshipper of the Wu Jian Council
  3854 | D:3      | Reached * piety under Wu Jian
  3854 | D:3      | Reached ** piety under Wu Jian
  3895 | D:3      | Found a shimmering altar of Xom.
  3895 | D:3      | Noticed a dream sheep
  3895 | D:3      | Noticed a dream sheep
  3895 | D:3      | Noticed a dream sheep
  3895 | D:3      | Noticed a dream sheep
  3895 | D:3      | Noticed a dream sheep
  3901 | D:3      | Killed a dream sheep
  3901 | D:3      | Killed a dream sheep
  3901 | D:3      | Killed a dream sheep
  3901 | D:3      | Killed a dream sheep
  3901 | D:3      | Killed a dream sheep
  4275 | D:3      | Gained mutation: You are frail. (-10% HP) [potion of mutation]
  4275 | D:3      | Gained mutation: You are surrounded by a mild repulsion field. (EV +2) [potion of mutation]
  4276 | D:3      | Lost mutation: You are frail. (-10% HP) [potion of mutation]
  4276 | D:3      | Gained mutation: You are clumsy. (Dex -2) [potion of mutation]
  4276 | D:3      | Gained mutation: Your spells are a little easier to cast, but a little less powerful. [potion of mutation]
  4276 | D:3      | Lost mutation: You are clumsy. (Dex -2) [potion of mutation]
  4542 | D:4      | Reached XP level 6. HP: 55/55 MP: 5/5
  4581 | D:4      | Reached skill level 6 in Long Blades
  4594 | D:4      | Reached skill level 5 in Fighting
  4908 | D:4      | Reached XP level 7. HP: 44/61 MP: 6/6
  5003 | D:4      | Found an opulent altar of Gozag.
  5064 | D:4      | Reached skill level 7 in Long Blades
  5064 | D:4      | Reached skill level 5 in Dodging
  5083 | D:4      | Learned a level 2 spell: Blink
  5552 | D:5      | Entered Level 5 of the Dungeon
  5849 | D:5      | Reached skill level 1 in Translocations
  5854 | D:5      | Gained mutation: Scrolls take you a little longer to read. [mutagenic meat]
  6220 | D:5      | Found a glowing silver altar of Zin.
  6220 | D:5      | Found a blossoming altar of Fedhas.
  6221 | D:5      | Found a radiant altar of Vehumet.
  6281 | D:5      | Reached XP level 8. HP: 70/70 MP: 7/7
  6284 | D:5      | Found an ornate altar of the Wu Jian Council.
  6297 | D:5      | Reached skill level 8 in Long Blades
  6324 | D:5      | Found Coynyiko's Antique Weapon Shoppe.
  6524 | D:6      | Noticed HAL9000's ghost (novice OgHu)
  6557 | D:6      | Reached *** piety under Wu Jian
  6573 | D:6      | Killed HAL9000's ghost
  6573 | D:6      | Reached skill level 9 in Long Blades
  6573 | D:6      | Reached skill level 5 in Armour
  6745 | D:6      | Found a shadowy altar of Dithmenos.
  6795 | D:6      | Found a staircase to the Ecumenical Temple.
  6937 | D:6      | Reached XP level 9. HP: 44/79 MP: 8/8
  7873 | D:7      | Found Wuone's General Store.
  7881 | D:7      | Learned a level 1 spell: Apportation
  7886 | D:7      | Bought a scroll of identify for 26 gold pieces
  7949 | D:7      | Found Comp's Weapon Boutique.
  8039 | D:7      | Found Onoz's Gadget Shoppe.
  8239 | D:7      | Learned a level 3 spell: Gell's Gravitas
  8254 | D:7      | Found Dito's Weapon Shop.
  8265 | D:7      | Reached skill level 10 in Long Blades
  8615 | D:8      | Noticed Erica
  8629 | D:8      | Killed Erica
  8851 | D:8      | Reached **** piety under Wu Jian
  9015 | D:8      | Found a staircase to the Lair.
  9017 | D:8      | Noticed a komodo dragon
  9044 | D:8      | Killed a komodo dragon
  9044 | D:8      | Reached XP level 10. HP: 25/88 MP: 9/9
  9666 | D:9      | Reached skill level 11 in Long Blades
 10308 | D:9      | Found a snail-covered altar of Cheibriados.
 10310 | D:9      | Noticed Joseph
 10322 | D:9      | Killed Joseph
 11011 | D:10     | Entered Level 10 of the Dungeon
 11122 | D:10     | Killed an unseen horror
 11291 | D:10     | Reached skill level 12 in Long Blades
 11347 | D:10     | Found a portal to a secret trove of treasure.
 11769 | D:10     | Gained mutation: Your body sometimes deteriorates upon taking damage. [mutagenic meat]
 11770 | D:10     | Gained mutation: You have a pair of large horns on your head. [mutagenic meat]
 11771 | D:10     | Gained mutation: You are covered in fur. (AC +1) [mutagenic meat]
 11772 | D:10     | Lost mutation: Your body sometimes deteriorates upon taking damage. [mutagenic meat]
 11847 | D:10     | Reached ***** piety under Wu Jian
 12254 | D:11     | Found a flagged portal.
 12272 | Bailey   | Entered a bailey
 12272 | Bailey   | Noticed an orc knight
 12272 | Bailey   | Noticed an orc knight
 12393 | Bailey   | Noticed an orc knight
 12408 | Bailey   | Noticed an orc knight
 12867 | Bailey   | Noticed an orc knight
 12875 | Bailey   | Killed an orc knight
 12875 | Bailey   | Reached XP level 11. HP: 68/97 MP: 10/10
 13312 | D:11     | Noticed a brown ugly thing
 13324 | D:11     | Killed a brown ugly thing
 13330 | D:11     | Gained mutation: You are clumsy. (Dex -2) [mutagenic meat]
 13331 | D:11     | Gained mutation: Your spells are easier to cast, but less powerful. [mutagenic meat]
 13332 | D:11     | Gained mutation: Your muscles are strong. (Str +2) [mutagenic meat]
 13340 | D:11     | Noticed a two-headed ogre
 13359 | D:11     | Killed a two-headed ogre
 13359 | D:11     | Reached skill level 1 in Shields
 14089 | D:12     | Noticed a two-headed ogre
 14095 | D:12     | Killed a two-headed ogre
 14095 | D:12     | Reached skill level 13 in Long Blades
 14108 | D:12     | Killed an unseen horror
 14108 | D:12     | Reached skill level 5 in Translocations
 14165 | D:12     | Reached skill level 10 in Fighting
 14320 | D:7      | Bought the +5 scimitar "Ogreslayer" {freeze, *Rage *Drain rElec rF+++} for 882 gold pieces
 14381 | Lair:1   | Entered Level 1 of the Lair of Beasts
 14425 | Lair:1   | Found a labyrinth entrance.
 14428 | Lab      | Entered a labyrinth
 15009 | Lab      | Noticed a minotaur
 15017 | Lab      | Killed a minotaur
 15238 | Lab      | Got an ichor-stained hat
 15238 | Lab      | Got a smelly ring mail
 15254 | Lair:1   | Identified the +3 ring mail of Vuagutu {MP+9 Int+4} (You found it in a labyrinth)
 15631 | Lair:1   | Found an ancient bone altar of Kikubaaqudgha.
 16357 | Lair:2   | Reached XP level 12. HP: 107/107 MP: 11/11
 16411 | Lair:2   | Found a frozen archway.
 16421 | IceCv    | Entered an ice cave
 17649 | IceCv    | Reached skill level 14 in Long Blades
 18236 | Lair:2   | Reached skill level 5 in Shields
 18242 | Lair:2   | Reached skill level 10 in Armour
 18290 | Lair:2   | Noticed a five-headed hydra
 18294 | Lair:2   | Killed a seven-headed hydra
 19050 | Lair:2   | Found a staircase to the Swamp.
 19064 | Lair:2   | Reached skill level 10 in Dodging
 19248 | Lair:3   | Noticed Gastronok
 19263 | Lair:3   | Killed Gastronok
 19675 | Lair:3   | Noticed a six-headed hydra
 19683 | Lair:3   | Killed a ten-headed hydra
 19694 | Lair:3   | Noticed Rupert
 19728 | Lair:3   | Killed Rupert
 19728 | Lair:3   | Reached XP level 13. HP: 40/116 MP: 12/12
 20024 | Lair:3   | Found a hole to the Spider Nest.
 20030 | Lair:3   | Reached skill level 15 in Long Blades
 22355 | Lair:5   | Identified a scroll of acquirement
 22493 | Lair:6   | Entered Level 6 of the Lair of Beasts
 22964 | Lair:6   | Found a runed door.
 22965 | Lair:6   | Found a viscous altar of Jiyva.
 22965 | Lair:6   | Noticed an acid blob
 22966 | Lair:6   | Noticed an acid blob
 22967 | Lair:6   | Found a staircase to the Slime Pits.
 22967 | Lair:6   | Noticed an acid blob
 23443 | Lair:6   | Reached skill level 16 in Long Blades
 23565 | Lair:6   | Reached XP level 14. HP: 87/126 MP: 13/13
 23887 | Lair:6   | Got a twitching turquoise ring
 23889 | Lair:6   | Identified the ring of the Firefly {*Contam MR+ Int+4 Dex+3 Stlth+} (You found it on level 6 of the Lair of Beasts)
 24314 | D:12     | Found a staircase to the Orcish Mines.
 24457 | D:12     | Learned a level 2 spell: Swiftness
 24892 | D:13     | Noticed Maurice
 24901 | D:13     | Killed Maurice
 25036 | D:13     | Found Umerph Vijounk's Jewellery Boutique.
 25056 | D:13     | Noticed Azrael
 25084 | D:13     | Killed Azrael
 25896 | D:13     | Reached skill level 1 in Charms
 25898 | D:13     | Reached ****** piety under Wu Jian
 27449 | D:14     | Found a white marble altar of Elyvilon.
 27635 | D:14     | Found a gate to the Vaults.
 28133 | Orc:1    | Entered Level 1 of the Orcish Mines
 28133 | Orc:1    | Noticed Erolcha
 28140 | Orc:1    | Killed Erolcha
 28186 | Orc:1    | Found a roughly hewn altar of Beogh.
 28653 | Orc:2    | Entered Level 2 of the Orcish Mines
 28653 | Orc:2    | Found a staircase to the Elven Halls.
 28827 | Orc:2    | Found a roughly hewn altar of Beogh.
 28828 | Orc:2    | Found Voddemm's Book Shop.
 28836 | Orc:2    | Reached XP level 15. HP: 135/135 MP: 14/14
 29104 | Orc:2    | Noticed Sonja
 29109 | Orc:2    | Killed Sonja
 29130 | Orc:2    | Found Roufug's Assorted Antiques.
 29249 | Orc:2    | Noticed an orc warlord
 29258 | Orc:2    | Killed an orc warlord
 29259 | Orc:2    | Found Ruwy Ah Xekk's Antique Weapon Boutique.
 29263 | Orc:2    | Found Jeajicw's Antique Armour Shop.
 29280 | Orc:2    | HP: 6/136 [sixfirhy[an orc warlord] (3)]
 29280 | Orc:2    | HP: 1/136 [soul eater/drain life[an orc warlord] (5)]
 29281 | Orc:2    | Killed from afar by an orc priest

Vault maps used:
D:1:      dpeg_arrival_concentric_ovals, minmay_domino_2
D:3:      nicolae_overflow_crystal_walls, kb_xom_exploding_sheep
D:4:      lemuel_round_altar
D:5:      gammafunk_temple_overflow_claw, serial_shops, shop, first_bread,
          minmay_ruined_shrine
D:6:      nicolae_dithmenos_shadow_blocks, temple_green,
          kennysheep_big_empty_room, columned_hall_lemuel
D:7:      serial_shops, kennysheep_little_box, shop, shop, nicolae_shop_trees
D:8:      david_lair_shrubbed, serial_glass, glass_columns_a, glass_columns_b,
          uniq_erica
D:9:      lemuel_doored_altar, blue_anna_alchemist, st_stairs_10, uniq_joseph
D:10:     nicolae_trove_entry_path_of_doom
D:11:     enter_bailey_3
D:12:     minmay_orc_entry_guard_dogs
D:13:     minmay_ice_pillars, serial_shops, kennysheep_mini_moat,
          minmay_misc_feat_alley, spider_trap, uniq_maurice, uniq_azrael
D:14:     erik_vaults_2, minmay_misc_feat_rows, elyvilon_altar_1
Lair:1:   basic_altar, lab_entry_generic, nicolae_quartered_pool_medium,
          minivault_25
Lair:2:   nicolae_swamp_entry_splash_gauntlet, portal_ice_cave_entry_pillars_2,
          beast_lair_carwin_5
Lair:3:   nicolae_spider_entry_orb_guardian, st_stairs_12, lemuel_fruit_fields,
          uniq_gastronok, uniq_rupert
Lair:4:   beast_lair_carwin_8, lemuel_fruit_tree, infiniplex_staircase_pool
Lair:5:   serial_bayou_shore_b
Lair:6:   due_jungle_book, slime_altar_2, grunt_forest_stairs_basic,
          serial_bayou_shore_b, lemuel_fruit_fields
Orc:1:    basic_altar, uniq_erolcha
Orc:2:    grunt_orc_community_town_hall, grunt_orc_community_big_house_2,
          grunt_orc_community_big_house_1, grunt_orc_community_house_2,
          grunt_orc_community_house_2, grunt_orc_community_house_1,
          grunt_orc_community_house_2, grunt_orc_community_house_3,
          serial_shops, nicolae_shop_window_shopping, minmay_orc_temple_b,
          uniq_sonja
Lab:      labyrinth_green, nicolae_lab_x, nicolae_lab_do_over
Bailey:   bailey_polearm_4, bailey
IceCv:    ice_cave_tombish

Skill      XL: |  1  2  3  4  5  6  7  8  9 10 11 12 13 14 |
---------------+-------------------------------------------+-----
Long Blades    | 4 5 6 7 9 10 12 13 14 16 | 16.8
Armour         | 1 2 3 4 5 7 8 9 10 11 12 | 12.5
Fighting       | 4 5 6 7 8 9 10 11 12 13 | 13.2
Dodging        | 4 5 6 7 8 9 10 11 12 | 12.1
Translocations | 1 2 3 4 5 6 7 |  7.9
Shields        | 4 6 8 9 |  9.7
Charms         | 2 |  2.4
Stealth        | |  1.5

Action                   |  1- 3 |  4- 6 |  7- 9 | 10-12 | 13-15 || total
-------------------------+-------+-------+-------+-------+-------++-------
Melee: Falchion          |    87 |   156 |   242 |   294 |       ||   779
       Headbutt          |    22 |    35 |    46 |   168 |   216 ||   487
       Scimitar          |       |       |       |   276 |   772 ||  1048
 Fire: Blowgun           |       |       |     5 |    21 |       ||    26
Throw: Throwing net      |       |       |       |     2 |       ||     2
       Tomahawk          |       |       |       |     2 |       ||     2
 Cast: Blink             |       |       |     9 |       |       ||     9
       Swiftness         |       |       |       |       |     1 ||     1
Invok: Heavenly Storm    |       |       |       |     1 |       ||     1
       Serpent's Lash    |       |       |       |       |     1 ||     1
 Abil: Evoke Berserk Rag |       |       |       |     2 |       ||     2
       Stop Flying       |       |       |       |     2 |       ||     2
       Evoke Flight      |       |       |       |     2 |       ||     2
  Use: Scroll            |       |    12 |     6 |    10 |    12 ||    40
       Potion            |       |     2 |       |     1 |       ||     3
 Stab: Sleeping          |     1 |       |     2 |     2 |    12 ||    17
       Distracted        |       |       |       |     1 |     2 ||     3
  Eat: Bread ration      |     1 |       |     1 |     2 |     3 ||     7
       Chunk             |       |     8 |    15 |    35 |    20 ||    78
Armor: Robe              |     5 |       |       |       |       ||     5
       Leather armour    |    14 |       |    20 |     9 |       ||    43
       Ring mail         |       |    21 |       |    92 |    87 ||   200
       Plate armour      |       |    49 |    57 |       |       ||   106
       Scale mail        |       |     1 |       |       |       ||     1
Dodge: Dodged            |    82 |    78 |   102 |   284 |   319 ||   865
Block: Shield            |       |       |       |    91 |   221 ||   312
       Rpst.: Falchion   |    18 |    23 |    20 |    36 |       ||    97
       Scimitar          |       |       |       |    19 |    58 ||    77

Table legend:
 A = Spawn XP
 B = Non-spawn XP
 C = Spawn XP percentage of total XP
 D = Spawn monster count
 E = Non-spawn monster count
 F = Spawn count percentage of total count
 G = Total turns spent on level
                    A         B        C        D         E        F      G
               +---------+---------+-------+---------+---------+-------+---------
         Total |       0 |  107077 |   0.0 |       0 |     597 |   0.0 | 29281
               +---------+---------+-------+---------+---------+-------+---------
           D:1 |       0 |      47 |   0.0 |       0 |      28 |   0.0 |  1009
           D:2 |       0 |      84 |   0.0 |       0 |      20 |   0.0 |  2061
           D:3 |       0 |     177 |   0.0 |       0 |      31 |   0.0 |  1366
           D:4 |       0 |     653 |   0.0 |       0 |      28 |   0.0 |  1118
           D:5 |       0 |     640 |   0.0 |       0 |      16 |   0.0 |   892
           D:6 |       0 |    1373 |   0.0 |       0 |      19 |   0.0 |  1218
           D:7 |       0 |    1114 |   0.0 |       0 |      21 |   0.0 |  1176
           D:8 |       0 |    1763 |   0.0 |       0 |      10 |   0.0 |  1200
           D:9 |       0 |    2382 |   0.0 |       0 |      35 |   0.0 |  1186
          D:10 |       0 |    2313 |   0.0 |       0 |      18 |   0.0 |  1141
          D:11 |       0 |    3316 |   0.0 |       0 |      35 |   0.0 |  1167
          D:12 |       0 |    6181 |   0.0 |       0 |      20 |   0.0 |   773
          D:13 |       0 |   11079 |   0.0 |       0 |      48 |   0.0 |  2310
          D:14 |       0 |   12072 |   0.0 |       0 |      18 |   0.0 |   904
        Lair:1 |       0 |    2644 |   0.0 |       0 |      10 |   0.0 |  1159
        Lair:2 |       0 |    4676 |   0.0 |       0 |      21 |   0.0 |  1199
        Lair:3 |       0 |   10696 |   0.0 |       0 |      23 |   0.0 |  1559
        Lair:4 |       0 |    8967 |   0.0 |       0 |      30 |   0.0 |   953
        Lair:5 |       0 |    3153 |   0.0 |       0 |       9 |   0.0 |   776
        Lair:6 |       0 |   15270 |   0.0 |       0 |      35 |   0.0 |  1569
         Orc:1 |       0 |    4826 |   0.0 |       0 |      32 |   0.0 |   520
         Orc:2 |       0 |    5728 |   0.0 |       0 |      59 |   0.0 |   628
           Lab |       0 |    1078 |   0.0 |       0 |       1 |   0.0 |   812
        Bailey |       0 |    1003 |   0.0 |       0 |       6 |   0.0 |   816
         IceCv |       0 |    5842 |   0.0 |       0 |      24 |   0.0 |  1769
               +---------+---------+-------+---------+---------+-------+---------
